 Dungeon Crawl Stone Soup version 0.17-a0-1909-g0b14330 (webtiles) character file.

14320 Kusio the Grappler (level 11, -10/115 HPs)
             Began as a Troll Monk on Sept 25, 2015.
             Mangled by a guardian serpent (shapeshifter) (12 damage)
             ... on level 15 of the Dungeon.
             The game lasted 00:50:24 (9409 turns).

Kusio the Grappler (Troll Monk)                     Turns: 9409, Time: 00:50:24

Health: -10/115    AC:  6    Str: 24    XL:     11   Next: 87%
Magic:  10/10      EV: 13    Int:  6    God:    Xom [.*....]
Gold:   571        SH:  0    Dex: 20    Spells: 0 memorised, 10 levels left

rFire  . . .     SeeInvis .       - Unarmed
rCold  . . .     Clarity  .     l - +1 robe of Pathos {Int+4 Dex+2}
rNeg   . . .     SustAt   .     (no shield)
rPois  .         Gourm    +     (helmet restricted)
rElec  .         Spirit   .     (no cloak)
rCorr  .         Warding  .     (gloves unavailable)
rMut   .         Stasis   .     (boots unavailable)
MR     +....                    (no amulet)
Stlth  ++........               (no ring)
                                L - +4 ring of dexterity

@: lethally poisoned (-10 -> -15), somewhat resistant to hostile enchantments,
unstealthy
A: unfitting armour, claws 3, blurry vision 1, dopey 2, fast metabolism 3,
gourmand, magic resistance 1, regeneration 2, shaggy fur 1, strong 1, tough skin
2, evolution 1
a: Renounce Religion


You were on level 15 of the Dungeon.
You worshipped Xom.
You were a plaything of Xom.
You were full.

You visited 1 branch of the dungeon, and saw 14 of its levels.

You collected 684 gold pieces.
You spent 33 gold pieces at shops.

Inventory:

Hand weapons
 n - a +1 greatsling of flaming
Missiles
 v - 15 tomahawks
 x - 2 large rocks (quivered)
 B - 6 javelins
 E - 5 poisoned tomahawks
Armour
 a - a +1 robe
 l - the +1 robe of Pathos (worn) {Int+4 Dex+2}
   (You found it on level 4 of the Dungeon)

   It affects your intelligence (+4).
   It affects your dexterity (+2).
 I - a +2 robe of magic resistance
Jewellery
 h - an uncursed ring of protection from cold
 j - an uncursed ring of see invisible
 m - an uncursed ring of magical power
 q - an uncursed ring of wizardry
 L - a +4 ring of dexterity (left claw)
Magical devices
 r - a wand of random effects (27)
 s - a wand of digging (5)
 u - a wand of slowing (23)
 z - a wand of random effects (7)
 C - a wand of confusion (17)
 D - a wand of teleportation (1)
 H - a wand of polymorph (11)
 K - a wand of cold (8)
Scrolls
 c - 5 scrolls of teleportation
 d - 5 scrolls of remove curse
 e - 2 scrolls of fog
 f - 6 scrolls of identify
 t - 2 scrolls of fear
 y - 2 scrolls of magic mapping
 A - 2 scrolls of amnesia
 G - a scroll of enchant weapon
Potions
 i - 4 potions of curing
 M - 2 potions of magic {unknown}
 N - a potion of flight {unknown}
 O - a potion of brilliance
Books
 F - a book of Hinderance

   Spells                             Type                      Level
   a - Confusing Touch                Hexes                        2
   b - Confuse                        Hexes                        3
   c - Gell's Gravitas                Hexes/Translocation          3
   d - Petrify                        Transmutation/Earth          4
   e - Metabolic Englaciation         Hexes/Ice                    5
Miscellaneous
 w - a legendary deck of defence {drawn: 4}
Comestibles
 b - 10 bread rations
 g - 10 royal jellies
 k - 7 beef jerkies
 p - 6 meat rations


   Skills:
 + Level 9.6 Fighting
 - Level 4.3 Throwing
 - Level 5.0 Dodging
 - Level 1.1 Stealth
 * Level 14.3 Unarmed Combat


You had 10 spell levels left.
You didn't know any spells.

Dungeon Overview and Level Annotations

Branches:
Dungeon (15/15)            Temple (0/1) D:4            Lair (0/8) D:10
    Orc (0/4) D:9
 Vaults: D:13-14     Depths: D:15

Altars:
Ashenzari
Cheibriados
Elyvilon
Fedhas
Makhleb
Nemelex Xobeh
Okawaru
Qazlal
Ru
Xom
The Shining One
Beogh

Shops:
D:6 (!   D:11 [


Innate Abilities, Weirdness & Mutations

You are too large for most types of armour.
You have claws for hands.
Your metabolism is lightning-fast.
You like to eat raw meat.
You heal very quickly.
You are covered in fur (AC +1).
You have very tough skin (AC +2).
Scrolls take you a little longer to read.
You are very dopey. (Int -4)
You are resistant to hostile enchantments.
Your muscles are strong. (Str +2)
You evolve.


Message History

* * * LOW HITPOINT WARNING * * *
A shadow comes into view.
Drink which item? (? for menu, Esc to quit)
You feel better. "Over there now!"
The guardian serpent blinks!
The shadow blinks!
Read which item? (? for menu, Esc to quit)
Really read with blurry vision while enemies are nearby?
Uppercase [Y]es or [N]o only, please.
Really read with blurry vision while enemies are nearby?
The trapdoor spider bites you!
* * * LOW HITPOINT WARNING * * *
You are lethally poisoned!
The trapdoor spider poisons you!
You begin reading the scroll.
You continue reading the scroll.
* * * LOW HITPOINT WARNING * * *
You feel sick. The trapdoor spider closely misses you.
The guardian serpent hits you!
You die...
Xom cackles wildly!

######## #......#
#......# #......#
#..W...# #.)....#
###S.....#
#.@......#######...
#s####..##.........
#'# #.............
#.# #.)....####Y..
... #....### # ...
#......#
.....#....5...
#...####.##.##
##.## ..# ..


You could see a guardian serpent, a trapdoor spider and a shadow.

Vanquished Creatures
  The ghost of Restia the Carver, an experienced FoFi of Qazlal (D:8)
  2 hill giants
  The ghost of Ordine the Protected, an experienced MiBe of Trog (D:7)
  A centaur zombie (D:12)
  Maurice (D:8)
  Psyche (D:10)
  An efreet (D:15)
  A komodo dragon (D:12)
  Grinder (D:6)
  The ghost of DecibelRebel the Conjurer, an average DrWz of Qazlal (D:3)
  6 slime creatures (D:12)
  Sigmund (D:6)
  A deep elf mage (D:12)
  4 yaks
  A hippogriff (D:9)
  A wyvern (D:9)
  2 hungry ghosts (D:11)
  A soldier ant (D:11)
  3 wargs (D:10)
  4 vampire mosquitoes (D:12)
  Menkaure (D:7)
  4 insubstantial wisps (D:12)
  A phantom (D:8)
  A wasp (D:11)
  8 centaurs
  2 necrophages
  A swamp drake (D:12)
  A water moccasin (D:7)
  6 orc warriors
  A black bear (D:11)
  6 ice beasts
  A sky beast (D:10)
  An ogre (D:8)
  A crocodile (D:8)
  4 big kobolds (D:9)
  A brain worm (D:11)
  A gnoll sergeant (D:9)
  2 scorpions
  4 giant frogs
  10 killer bees
  7 wights
  2 centaur skeletons
  4 crimson imps
  2 giant frog skeletons
  9 orc priests
  14 orc wizards
  4 iguanas
  A gnoll shaman (D:9)
  5 hounds
  9 worker ants
  2 hound skeletons
  A hound zombie (D:10)
  Robin (D:3)
  13 gnolls
  A worker ant zombie (D:6)
  6 adders
  A shadow imp (D:9)
  2 worms
  9 giant geckos
  69 orcs
  10 bats
  5 giant cockroaches
  15 goblins
  9 hobgoblins
  2 quokkas
  A ball python (D:4)
  3 giant newts
  11 jackals
  14 kobolds
  A quokka skeleton (D:5)
  5 rats
  A plant (D:12)
331 creatures vanquished.

Vanquished Creatures (collateral kills)
  Edmund (D:4)
1 creature vanquished.

Vanquished Creatures (others)
  A yak (D:12)
1 creature vanquished.

Grand Total: 333 creatures vanquished

Notes
Turn   | Place    | Note
--------------------------------------------------------------
     0 | D:1      | Kusio the Troll Monk began the quest for the Orb.
     0 | D:1      | Reached XP level 1. HP: 22/22 MP: 0/0
   117 | D:1      | Reached XP level 2. HP: 25/29 MP: 1/1
   637 | D:2      | Reached XP level 3. HP: 36/36 MP: 2/2
   911 | D:2      | Found a sparkling altar of Nemelex Xobeh.
   915 | D:2      | Found a shattered altar of Ashenzari.
   925 | D:2      | Found a glowing golden altar of the Shining One.
   927 | D:2      | Found a snail-covered altar of Cheibriados.
   946 | D:2      | Found a shimmering altar of Xom.
   954 | D:2      | Became a worshipper of Xom of Chaos
   969 | D:2      | XOM: harmless Tloc miscast
  1077 | D:2      | Found a white marble altar of Elyvilon.
  1124 | D:3      | Noticed DecibelRebel's ghost (average DrWz)
  1145 | D:3      | XOM: harmless Trmt miscast
  1181 | D:3      | Killed DecibelRebel's ghost
  1181 | D:3      | Reached skill level 5 in Unarmed Combat
  1181 | D:3      | Reached XP level 4. HP: 31/46 MP: 3/3
  1181 | D:3      | Reached XP level 5. HP: 35/53 MP: 4/4
  1452 | D:3      | Reached XP level 6. HP: 59/61 MP: 5/5
  1454 | D:3      | Noticed Robin
  1458 | D:3      | Killed Robin
  1898 | D:4      | Found an iron altar of Okawaru.
  1944 | D:4      | Reached skill level 6 in Unarmed Combat
  1957 | D:4      | XOM: harmless Fire miscast
  1964 | D:4      | XOM: mild Ice miscast
  2154 | D:4      | XOM: swap monsters
  2318 | D:4      | Got a fine robe
  2329 | D:4      | Identified the +1 robe of Pathos {Int+4 Dex+2} (You found it on level 4 of the Dungeon)
  2347 | D:4      | Noticed Edmund
  2362 | D:4      | Killed Edmund
  2362 | D:4      | Reached skill level 7 in Unarmed Combat
  2362 | D:4      | Reached XP level 7. HP: 67/67 MP: 6/6
  2382 | D:4      | Found a staircase to the Ecumenical Temple.
  2483 | D:4      | XOM is BORED!
  2483 | D:4      | XOM: mild Summ miscast
  2495 | D:5      | Entered Level 5 of the Dungeon
  2498 | D:5      | Gained mutation: Your muscles are strong. (Str +2) [potion of mutation]
  2498 | D:5      | Gained mutation: You are frail (-10% HP). [potion of mutation]
  2498 | D:5      | Gained mutation: You are dopey. (Int -2) [potion of mutation]
  2682 | D:5      | XOM: vitrification
  2888 | D:5      | XOM: god gift: glowing greatsling {god gift}
  3110 | D:6      | XOM: confuse monster(s)
  3153 | D:6      | You fall through a shaft!
  3154 | D:7      | XOM: divination: detect items
  3161 | D:7      | Reached skill level 8 in Unarmed Combat
  3259 | D:6      | Found Exoghoi's Distillery.
  3265 | D:6      | Bought a potion of degeneration for 14 gold pieces
  3330 | D:6      | Reached skill level 9 in Unarmed Combat
  3330 | D:6      | Reached XP level 8. HP: 51/68 MP: 7/7
  3376 | D:6      | XOM: potion effect (haste)
  3536 | D:6      | XOM: colour smoke trail
  3538 | D:6      | Noticed Sigmund
  3542 | D:6      | Reached skill level 10 in Unarmed Combat
  3548 | D:6      | Killed Sigmund
  3565 | D:6      | Found Ucaeprim's Antique Weapon Shop.
  3611 | D:6      | Noticed Grinder
  3612 | D:6      | XOM: confuse monster(s)
  3628 | D:6      | Killed Grinder
  3923 | D:7      | Reached XP level 9. HP: 64/76 MP: 8/8
  3974 | D:7      | Noticed Ordine's ghost (experienced MiBe)
  3985 | D:7      | XOM: confuse monster(s)
  4011 | D:7      | Killed Ordine's ghost
  4011 | D:7      | Reached skill level 11 in Unarmed Combat
  4178 | D:7      | Noticed Menkaure
  4184 | D:7      | Killed Menkaure
  4214 | D:7      | Found a burning altar of Makhleb.
  4221 | D:7      | Reached skill level 5 in Fighting
  4221 | D:7      | Reached skill level 5 in Dodging
  4694 | D:8      | XOM: summons friendly crimson imp
  4696 | D:8      | Reached skill level 1 in Throwing
  4701 | D:8      | Noticed Restia's ghost (experienced FoFi)
  4801 | D:8      | XOM: butterfly on damage
  4935 | D:8      | Killed Restia's ghost
  5055 | D:8      | Reached XP level 10. HP: 81/90 MP: 9/9
  5086 | D:8      | Noticed Maurice
  5093 | D:8      | Killed Maurice
  5209 | D:8      | Found a sacrificial altar of Ru.
  5290 | D:8      | XOM: give mutations
  5290 | D:8      | Gained mutation: You evolve. [Xom's mischief]
  5290 | D:8      | Gained mutation: You are very dopey. (Int -4) [Xom's mischief]
  5290 | D:8      | Lost mutation: You are frail (-10% HP). [Xom's mischief]
  5290 | D:8      | Gained mutation: Your body sometimes deteriorates upon taking damage. [Xom's mischief]
  5479 | D:9      | XOM: harmless Trmt miscast
  5502 | D:9      | XOM: potion effect (invisibility)
  5511 | D:9      | XOM: divination: detect creatures
  5535 | D:9      | Found a blossoming altar of Fedhas.
  5638 | D:9      | Found a staircase to the Orcish Mines.
  5677 | D:9      | Found a roughly hewn altar of Beogh.
  6044 | D:9      | Found a stormy altar of Qazlal.
  6091 | D:9      | XOM: potion effect (agility)
  6752 | D:10     | Entered Level 10 of the Dungeon
  6827 | D:10     | Noticed Psyche
  6843 | D:10     | Killed Psyche
  6843 | D:10     | Reached skill level 12 in Unarmed Combat
  6884 | D:10     | Noticed a hill giant
  6891 | D:10     | Killed a hill giant
  6910 | D:10     | Gained mutation: You are resistant to hostile enchantments. [mutagenic meat]
  7016 | D:10     | XOM: harmless Trmt miscast
  7068 | D:10     | Gained mutation: Scrolls take you a little longer to read. [mutagenic meat]
  7070 | D:10     | Lost mutation: Your body sometimes deteriorates upon taking damage. [mutagenic meat]
  7076 | D:10     | XOM: divination: detect items
  7272 | D:10     | Found a staircase to the Lair.
  7280 | D:10     | Reached XP level 11. HP: 113/113 MP: 10/10
  7301 | D:10     | XOM: potion effect (invisibility)
  7481 | D:11     | Found Jaifeamo's Antique Armour Shoppe.
  7488 | D:11     | Bought a glowing robe for 19 gold pieces
  7525 | D:11     | XOM: potion effect (agility)
  7579 | D:11     | XOM: silly message
  7874 | D:11     | XOM: confusion (+ monsters)
  7962 | D:11     | Reached skill level 13 in Unarmed Combat
  8128 | D:12     | XOM: harmless Necr miscast
  8284 | D:12     | XOM: 2-stop teleportation journey
  8303 | D:12     | Noticed a hill giant
  8313 | D:12     | XOM: 2-stop teleportation journey
  8358 | D:12     | Killed a hill giant
  8529 | D:12     | XOM: potion effect (might)
  8530 | D:12     | XOM: noise
  8537 | D:12     | HP: 3/115 [very large slime creature (60)]
  8537 | D:12     | XOM: butterfly on damage
  8550 | D:12     | XOM: confuse monster(s)
  8565 | D:12     | XOM: divination: magic mapping
  8579 | D:12     | XOM: confuse monster(s)
  8969 | D:12     | Reached skill level 14 in Unarmed Combat
  8971 | D:12     | Got a scorched iron ring
  8973 | D:12     | Identified the cursed ring "Yphup" {rElec EV-2 Int+3} (You found it on level 12 of the Dungeon)
  9067 | D:12     | XOM: noise
  9088 | D:12     | XOM: confuse monster(s)
  9360 | D:13     | You fall through a shaft for 2 floors!
  9360 | D:15     | Entered Level 15 of the Dungeon
  9360 | D:15     | Noticed a skeletal warrior
  9360 | D:15     | Noticed a skeletal warrior
  9360 | D:15     | Noticed a skeletal warrior
  9360 | D:15     | Noticed a skeletal warrior
  9372 | D:15     | XOM: enchant monster (bad)
  9379 | D:15     | Noticed a skeletal warrior
  9380 | D:15     | XOM: summons 2 friendly demons
  9381 | D:15     | Noticed a hill giant
  9406 | D:15     | HP: 4/115 [something (9)]
  9407 | D:15     | XOM: blink monster(s)
  9409 | D:15     | Mangled by a guardian serpent (shapeshifter)

Vault maps used:
D:1:      minmay_arrival_plants_in_alcoves
D:2:      nicolae_overflow_hidden_temple, minmay_overflow_temple_star_hex,
          first_bread
D:3:      minmay_misc_feat_alley, uniq_robin
D:4:      minmay_temple_entry_glass, hangedman_abyss_or_decor_stagger,
          minmay_misc_feat_x, okawaru_altar_gauntlet_db, uniq_edmund
D:6:      serial_shops, shop, nicolae_shop_statue_plus, hex_tiny, uniq_sigmund,
          uniq_grinder
D:7:      makhleb_blood_cavern_becter, uniq_menkaure
D:8:      lemuel_doored_altar, uniq_maurice
D:9:      kennysheep_little_box, kennysheep_mini, minmay_orc_entry_temple_small,
          special_room
D:10:     erik_lair_orcish_takeover, uniq_psyche
D:11:     serial_shops, shop, hangedman_pestilent_swarm
D:12:     pond
D:15:     gammafunk_enter_depths_forms, nicolae_twisting_strands,
          evilmike_butchery

Action                   |  1- 3 |  4- 6 |  7- 9 | 10-12 || total
-------------------------+-------+-------+-------+-------++-------
Melee: Unarmed           |   119 |   141 |   235 |   509 ||  1004
Throw: Tomahawk          |       |       |     6 |     4 ||    10
       Large rock        |       |       |       |     8 ||     8
Evoke: Deck              |       |       |       |     4 ||     4
  Use: Potion            |     4 |       |     4 |     8 ||    16
       Scroll            |     1 |     5 |     6 |     3 ||    15
 Stab: Sleeping          |     1 |     4 |     2 |     8 ||    15
       Confused          |       |     2 |       |     2 ||     4
       Invisible         |       |       |       |     8 ||     8
       Distracted        |       |       |       |     1 ||     1
  Eat: Chunk             |     8 |    13 |    22 |    53 ||    96
       Meat ration       |       |     1 |       |       ||     1
       Pizza             |       |       |     1 |     1 ||     2
       Fruit             |       |       |       |     3 ||     3
